AoeStats
← Abacaxi de Marataízes ^_~

Arabia

507287795Analyzed
1v1 RM · 16d ago on Sep 17, 2026· 57m 26s· 2 players
Game mode
Random Map
Map size
Tiny (2 player)
Population
200
Speed
Normal
Resources
Standard
Victory
Conquest
Starting age
Dark Age
Ending age
Imperial Age
RankedLock teamsTeams togetherTeam positionsShared explorationLock speedFull tech treeHidden civsTurbo modeCheats
Victory
Defeat
🇵🇪 Vikings · Peru
862
+14
🇧🇷 Inca · Brazil
827
-14
Abacaxi de Marataízes ^_~
3:02 Loom
12:57 Feudal Age
15:02 Champi Runner
17:24 Double-Bit Axe
21:19 Scale Mail Armor
22:03 Fletching
30:08 Castle Age
30:13 Padded Archer Armor
31:39 Bodkin Arrow
32:42 Chain Mail Armor
34:48 Bow Saw
42:57 Imperial Age
42:39 Andean Sling
43:50 Champi Warrior
48:08 Chemistry
47:19 Bracer
47:35 Horse Collar
48:05 Onager
50:40 Leather Archer Armor
52:47 Ring Archer Armor
Chin-cho pa Chin-cho
0:51 Loom
11:01 Feudal Age
11:36 Town Watch
12:39 Double-Bit Axe
16:12 Horse Collar
20:39 Man-at-Arms
28:31 Castle Age
27:17 Fletching
27:28 Scale Mail Armor
28:22 Forging
28:13 Padded Archer Armor
28:34 Gold Mining
28:46 Stone Mining
29:26 Long Swordsman
30:06 Squires
30:26 Heavy Plow
30:39 Bow Saw
32:01 Leather Archer Armor
32:51 Gold Shaft Mining
33:01 Elite Skirmisher
41:29 Imperial Age
40:41 Ballistics
40:31 Masonry
40:16 Murder Holes
41:40 Scale Barding Armor
42:14 Iron Casting
41:54 Chain Mail Armor
41:36 Bodkin Arrow
42:59 Ring Archer Armor
42:21 Two-Handed Swordsman
44:22 Gambesons
46:56 Plate Mail Armor
47:26 Blast Furnace
46:27 Bracer
47:44 Conscription
47:28 Chieftains
51:07 Siege Engineers
52:27 Chain Barding Armor
Connection lost

Rejoining the realm…

Still unreachable

The connection could not be restored.

Session expired

The server has moved on; the page needs a fresh start.